Unix NetHack Version 5.0.0-0 post-release - last build Jun 10 2026 00:39:30 (3ee93aec679c4c4259841fe613dc97188e26a321,branch:main).

Game began 2026-06-16 12:31:33, ended 2026-06-16 14:02:02.

Drastanta, neutral male human Barbarian

                          ------                     -------  ---------------
                        --|.((.|     -----       -----.....----........|..|(|
          ..-------     |.-.((?|   ---...---    --..|...--......|...{.....-.|
     ----.........|     |.|..((|  --..)....-----|...|....|--------.....|....|
     ............-- --+--.---------.........--..|........|------ |.--|-------
     --.....{....----....[..........|...G.......|-...|...-|.(((| |.|...|
      -...............-..--+-----..-|..).......--....|-...-.(((| |.|...|
      --.........-----|..|   --.....|-....|.....(..---...-|.(((| |.-------
       --.---...-|...-..    --...|..---...|.--..|...|....|------ |.......|
        -|- ------....-------...---....).-|.|------....--|  ---------------
        ...   |.|......|...|...^.......---|.|..|--.......|  |[%[!/%*!(|...|
        %%!  --.|....---...........-----  |.|..||...{....|--|.........|..--
       ----- |..|.............---...#  ---|....||.......-|..--------|--..--
         -----..|....|.....---- |.|  ##|..|.|-..........--................|
      ----.|.......----...--    |.|    .....|    --.|......-.--........--||
    --|.........|---  |..--   ---|---  |..-.|   ---..|..---|..|--.-..--|..|
   --.|-.....---.   # ....####...@.*|  -.---.##--.....---  |..| ..|-.|.-..|
  --..|....|.----...-.|..|    |.._..|  #       )>...(|     --|---|--.----+|
  |.....---|.........--..|    |......#[        ---..--      |.............|
  |<%%---  ------.......--    -------                       ---------------
  -----         ---------
Drastanta the Bandit       St:18 Dx:18 Co:16 In:8 Wi:7 Ch:7  Neutral
Dlvl:8  $:12 HP:0(92) Pw:21(21) AC:2  Xp:8 T:5329  Blind

Latest messages:
 k - a blessed scroll of light.
 K - an uncursed wand of digging.
 G - an uncursed bag of tricks.
 H - an uncursed unicorn horn.
 There are several objects here.
 You drop 4 uncursed stones called Likley FLint.
 You stop.  The priestess of Crom doesn't want to swap places.
 You see here a pink potion.
 m - a pink potion.
 What do you want to use or apply? [bfgnF-HK or ?*] G
 A wererat suddenly appears next to you!
 You smite the wererat!
 The wererat turns to flee.
 You kill the wererat!
 You see here a wererat corpse.
 You have extreme difficulty lifting a wererat corpse.  Continue? [ynq] (q) y
 You have extreme difficulty lifting o - a wererat corpse.
 You can barely move a handspan with this load!
 What do you want to sacrifice? [oR or ?*] o
 You'll regret this infamous offense!
 The altar is stained with human blood.
 The priestess of Crom gets angry!
 The voice of Crom booms out: "Thou hast angered me."
 You are being punished for your misbehavior!
 Your movements are now unencumbered.
 The priestess of Crom wields a mace!
 The mace welds itself to the priestess of Crom's hand!
 The priestess of Crom kicks!
 The air crackles around the priestess of Crom.
 What do you want to read? [klrsvxzIJLVW or ?*] ?
 Never mind.
 The priestess of Crom swings her mace.
 The priestess of Crom hits!
 The priestess of Crom kicks!
 The priestess of Crom points at you, then curses.
 The dog bites!
 You smite the dog!
 The dog misses!
 The priestess of Crom swings her mace.
 The priestess of Crom hits!
 The priestess of Crom kicks!
 The priestess of Crom casts a spell at you!
 Scales cover your eyes!
 Wait!  There's something there you can't see!
 It bites!
 You kill it!
 It hits!
 You die...
 Do you want your possessions identified? [ynq] (y) y
 Do you want to see your attributes? [ynq] (y) q

Inventory:
 Coins    ('$')
  $ - 12 gold pieces
 Weapons  (')')
  b - a +0 axe (weapon in right hand)
  a - a +0 two-handed sword
 Armor    ('[')
  D - an uncursed +0 dwarvish iron helm (being worn)
  E - an uncursed +0 pair of iron shoes (being worn)
  c - an uncursed rusty +2 ring mail (being worn)
 Comestibles  ('%')
  U - an uncursed tripe ration
  R - an uncursed lizard corpse
 Scrolls  ('?')
  v - an uncursed scroll of create monster
  x - an uncursed scroll of destroy armor
  W - an uncursed scroll of earth
  s - 3 uncursed scrolls of enchant armor
  r - an uncursed scroll of enchant weapon
  z - a cursed scroll of fire
  J - an uncursed scroll of identify
  k - a blessed scroll of light
  L - an uncursed scroll of light
  l - an uncursed scroll of magic mapping
  I - an uncursed scroll of remove curse
  V - an uncursed scroll of taming
 Potions  ('!')
  m - a cursed potion of gain ability
  e - 4 uncursed potions of water
 Wands    ('/')
  K - a wand of digging (0:7)
  F - a wand of magic missile (1:5)
  n - a wand of speed monster (0:5)
 Tools    ('(')
  G - a bag of tricks (0:10)
  f - an uncursed magic lamp
  g - an uncursed skeleton key
  H - a +0 unicorn horn

Drastanta the Barbarian's attributes:

Background:
 You were a Bandit, a level 8 male human Barbarian.
 You were neutral, on a mission for Crom
 who was opposed by Mitra (lawful) and Set (chaotic).
 You were right-handed.
 You were in the Gnomish Mines, on level 8.
 You entered the dungeon 5329 turns ago.
 There was a new moon in effect when your adventure ended.
 You had 1830 experience points, 730 more were needed to attain level 9.

Basics:
 You had 0 out of 92 hit points.
 You had all 21 energy points (spell power).
 Your armor class was 2.
 Your wallet contained 12 zorkmids.
 Autopickup was on for '$' plus thrown.

Final Characteristics:
 Your strength was 18 (limit:18/100).
 Your dexterity was 18 (limit:18).
 Your constitution was 16 (limit:18).
 Your intelligence was 8 (limit:18).
 Your wisdom was 7 (peak:8, limit:18).
 Your charisma was 7 (limit:18).

Final Status:
 You were temporarily blind.
 You were chained to a heavy iron ball.
 You weren't hungry.
 You were unencumbered.
 You were wielding an axe.
 You had expert skill with axe.

Final Attributes:
 You were piously aligned.
 You were poison resistant.
 You were warded.
 You were fast.
 You were very unlucky.
 Crom was angry with you.
 You are dead.

Miscellaneous:
 You didn't encounter any bones levels.
 Total elapsed playing time was 1 hour, 25 minutes and 3 seconds.

Major events:
 Turn
    1: Drastanta the neutral male human Barbarian entered the dungeon
  889: attained the rank of Pillager (level 3)
  986: entered the Gnomish Mines
 1960: attained the rank of Bandit (level 6)
 2401: reached Mine Town
 5329: killed by a priestess of Crom

You didn't know any spells.

Skills:
 Fighting Skills
   bare handed combat [Basic]
   two weapon combat  [Unskilled]
   riding             [Unskilled]
 Weapon Skills
   dagger             [Unskilled]
   axe                [Expert]
   pick-axe           [Unskilled]
   short sword        [Unskilled]
   broadsword         [Unskilled]
   long sword         [Unskilled]
   two-handed sword   [Basic]
   saber              [Unskilled]
   club               [Unskilled]
   mace               [Unskilled]
   morning star       [Unskilled]
   flail              [Unskilled]
   hammer             [Unskilled]
   quarterstaff       [Unskilled]
   spear              [Unskilled]
   trident            [Unskilled]
   bow                [Unskilled]
 Spellcasting Skills
   attack spells      [Unskilled]
   escape spells      [Unskilled]

Voluntary challenges:
 Character rerolling was not enabled.
 You never genocided any monsters.
 You never polymorphed an object.
 You never changed form.
 You used no wishes.
Achievements:
 You attained the rank of Pillager.
 You entered the Gnomish Mines.
 You attained the rank of Bandit.
 You entered Minetown.
 You entered a shop.
 You entered a temple.

 The Dungeons of Doom: levels 1 to 5
    Level 1:
       Some sinks, a grave.
    Level 2:
    Level 3:
       Some fountains.
    Level 4:
       A sink.
       Stairs down to The Gnomish Mines.
    Level 5:
 The Gnomish Mines: levels 5 to 9
    Level 5:
    Level 6:
    Level 7:
    Level 8: <- You were here.
       Many shops, a temple and an altar, many fountains.
       Final resting place for
          you, killed by a priestess of Crom.
    Level 9:


Vanquished creatures:
  2 gargoyles
  a python
  2 leather golems
  a giant beetle
  a quivering blob
 an iron piercer
  a black light
 an owlbear
  a lizard
  a dog
  a jaguar
  a black unicorn
  a dust vortex
  2 ravens
  a snake
  3 apes
  3 human zombies
  a rope golem
  a Woodland-elf
  a wood nymph
  a pony
  a fog cloud
 12 gnome leaders
  4 gnomish wizards
  2 gray oozes
  a kitten
 11 dwarves
  a homunculus
  a rabid rat
  a giant bat
  a wererat
  2 iguanas
  2 killer bees
  a coyote
  2 hobbits
 10 manes
  2 large kobolds
  a hobgoblin
  4 giant rats
  a red mold
 38 gnomes
  3 geckos
  3 jackals
  a fox
  2 kobolds
  a goblin
  4 sewer rats
  7 grid bugs
  3 lichens
  a kobold zombie
  7 newts
158 creatures vanquished.

No species were genocided or became extinct.

Game over:
                       ----------
                      /          \
                     /    REST    \
                    /      IN      \
                   /     PEACE      \
                  /                  \
                  |    Drastanta     |
                  |      12 Au       |
                  |   killed by a    |
                  |   priestess of   |
                  |       Crom       |
                  |                  |
                  |       2026       |
                 *|     *  *  *      | *
        _________)/\\_//(\/(/\)/\//\/|_)_______

Goodbye Drastanta the Barbarian...

You died in The Gnomish Mines on dungeon level 8 with 7781 points,
and 12 pieces of gold, after 5329 moves.
You were level 8 with a maximum of 92 hit points when you died.

